AoeStats
← A. Government

Arabia

509607932Analyzed
1v1 RM · 6d ago on Sep 27, 2026· 71m 57s· 2 players
Game mode
Random Map
Map size
Tiny (2 player)
Population
200
Speed
Normal
Resources
Standard
Victory
Conquest
Starting age
Dark Age
Ending age
Imperial Age
RankedLock teamsTeams togetherTeam positionsShared explorationLock speedFull tech treeHidden civsTurbo modeCheats
Victory
Defeat
🇩🇪 Varangians · Germany
1023
+17
🇩🇪 Franks · Germany
1053
-17
A. Government
7:00 Loom
10:01 Feudal Age
11:37 Double-Bit Axe
12:27 Bloodlines
14:40 Horse Collar
22:33 Castle Age
21:32 Gold Mining
21:46 Fletching
23:45 Bow Saw
24:11 Husbandry
24:39 Bodkin Arrow
25:58 Town Watch
26:30 Heavy Plow
26:42 Padded Archer Armor
29:29 Ballistics
31:57 Leather Archer Armor
31:56 Elite Skirmisher
34:31 Wheelbarrow
34:04 Guard Tower
34:10 Murder Holes
34:26 Masonry
37:18 Imperial Age
35:30 Scale Barding Armor
35:28 Scale Mail Armor
39:07 Two-Man Saw
38:39 Crop Rotation
39:13 Hand Cart
40:03 Chemistry
38:26 Heavy Mounted Crossbowman
38:27 Cranequins
39:09 Bracer
39:43 Chain Mail Armor
38:55 Pikeman
40:43 Forging
40:23 Halberdier
41:08 Squires
40:53 Arson
40:54 Gambesons
42:40 Iron Casting
46:29 Siege Engineers
46:55 Architecture
46:45 Light Cavalry
49:24 Ring Archer Armor
49:55 Blast Furnace
50:32 Plate Mail Armor
50:23 Chain Barding Armor
51:32 Hussar
54:22 Conscription
65:21 Capped Ram
67:14 Town Patrol
67:57 Siege Ram
6Bombaklateggs
7:41 Loom
9:34 Feudal Age
14:46 Scale Barding Armor
17:24 Double-Bit Axe
23:05 Castle Age
21:33 Fletching
21:46 Padded Archer Armor
21:36 Fletching
22:56 Wheelbarrow
23:57 Husbandry
24:36 Bow Saw
25:31 Leather Archer Armor
29:58 Ballistics
32:59 Imperial Age
33:09 Hand Cart
35:02 Cavalier
37:31 Chain Barding Armor
37:21 Forging
38:59 Gold Mining
39:22 Paladin
41:27 Murder Holes
42:48 Gold Shaft Mining
42:37 Conscription
42:24 Cranequins
43:59 Elite Skirmisher
48:00 Light Cavalry
50:47 Heavy Mounted Crossbowman
53:21 Chivalry
59:19 Capped Ram
66:49 Pikeman
67:30 Squires
67:16 Arson
68:43 Halberdier
Connection lost

Rejoining the realm…

Still unreachable

The connection could not be restored.

Session expired

The server has moved on; the page needs a fresh start.